 Dungeon Crawl Stone Soup version 0.14-a0-2618-g5301534 (webtiles) character file.

355 Kae the Ruffian (level 5, -5/40 HPs)
             Began as a Draconian Transmuter on Feb 14, 2014.
             Slain by an orc
             ... wielding a -1,+0 orcish flail
              (6 damage)
             ... on Level 3 of the Dungeon.
             The game lasted 00:05:04 (3339 turns).

Kae the Ruffian (Draconian Transmuter)              Turns: 3339, Time: 00:05:05

HP  -5/40        AC  5     Str 13      XL: 5   Next: 75%
MP   4/9         EV 12     Int 13      God:
Gold 122         SH  0     Dex 12      Spells:  3 memorised,  2 levels left

rFire  . . .     SeeInvis .       - Unarmed
rCold  . . .     Clarity  .     (armour unavailable)
rNeg   . . .     Conserve .     (no shield)
rPois  .         rCorr    .     (helmet restricted)
rElec  .         rRot     .     (no cloak)
SustAb . .       Spirit   .     (no gloves)
rMut   .         Warding  .     (boots unavailable)
Saprov . . .     Stasis   .     (no amulet)
MR     .....                    (no ring)
                                (no ring)

@: appendage (expiring), very slightly contaminated, not resistant to hostile
enchantments, unstealthy
A: unfitting armour, talons 3, AC +5
a: End Transformation


You were on level 3 of the Dungeon.
You were near starving.
You had grown temporary talons.
You visited 1 branch of the dungeon, and saw 3 of its levels.

You collected 122 gold pieces.

Inventory:

Missiles
 b - 25 arrows
 l - 8 arrows of flame
Comestibles
 a - 4 bread rations
 u - an apple
 z - a slice of pizza
 B - 8 sultanas
Scrolls
 f - 2 scrolls of remove curse {unknown}
 h - a scroll of fear {unknown}
 i - 3 scrolls of identify
 j - a scroll of random uselessness {unknown}
 n - a scroll of curse jewellery {unknown}
 p - 2 scrolls of magic mapping {unknown}
 r - a scroll of noise {unknown}
 w - a scroll of fog {unknown}
 A - a scroll of teleportation {unknown}
Jewellery
 c - an uncursed ring of ice {unknown}
 k - an uncursed ring of protection from magic {unknown}
 m - an uncursed ring of protection from magic {unknown}
 t - an uncursed amulet of guardian spirit {unknown}
 x - an uncursed amulet of rage {unknown}
 y - a +3 ring of dexterity {unknown}
Potions
 o - a potion of degeneration {unknown}
 q - a potion of might {unknown}
 s - a potion of confusion {unknown}
 v - a potion of mutation {unknown}
Books
 d - a book of Changes

   Spells                             Type                      Level
   *Beastly Appendage                 Transmutation                1
   *Sticks to Snakes                  Transmutation                2
   *Spider Form                       Transmutation/Poison         3
   Ice Form                           Ice/Transmutation            4
   Blade Hands                        Transmutation                5


   Skills:
 - Level 1.1 Fighting
 - Level 1.7 Dodging
 * Level 5.7 Unarmed Combat
 - Level 2.0 Spellcasting
 + Level 3.6 Transmutations


You had 2 spell levels left.
You knew the following spells:

 Your Spells              Type           Power        Failure   Level  Hunger
a - Beastly Appendage     Trmt           ##....       8%          1    ##.....
b - Sticks to Snakes      Trmt           ##........   10%         2    ###....
c - Spider Form           Trmt/Pois      #.........   38%         3    ####...


Dungeon Overview and Level Annotations

Branches:
Dungeon (3/16)

Altars:
The Shining One


Innate Abilities, Weirdness & Mutations

Your plain brown scales are hard (AC +5).*
Your body does not fit into most forms of armour.
Your cold-blooded metabolism reacts poorly to cold.
You have claws for feet.*


Message History

* * * LOW HITPOINT WARNING * * *
The kobold hits you with a club.
* * * LOW HITPOINT WARNING * * *
You barely miss the orc priest. Your kick misses the orc priest.
The orc priest is severely wounded.
You closely miss the orc priest.
You claw the orc priest, but do no damage.
Your tail-slap misses the orc priest.
The orc priest is severely wounded.
The orc priest glows brightly for a moment.
The orc hits you with an orcish flail.
* * * LOW HITPOINT WARNING * * *
The kobold closely misses you.
You hit the orc priest.
The orc priest is severely wounded.
The orc priest hits you but does no damage.
The kobold hits you with a club.
* * * LOW HITPOINT WARNING * * *
The orc hits you with an orcish flail.
You die...

#......# #...# #.# .....#
#.##.#.#######...####.###.#..#
#.##.#............).....###..####
..##.#............o.....###......
#.##.#.......................#
#.......######..o#####.####..#
#......## ##.#.## #.####).#
####.### #.###o# #.##....# #.#
####.#@## #.##.##.# ## #.#
#....Ko# #.##.##.# .# #.#
#.....K# #.......#### .#
#.######......########........
.###.##...##.####....)..#########
<....##.(()...###.#####.# #
.######(((.....##.#####.## # .#
##(#.....(.......... #
.#######(#.....##.##.#..## #.####


You could see an orc priest, an orc and 2 kobolds.

Vanquished Creatures
  A big kobold (D:3)
  A goliath beetle (D:3)
  5 adders
  A worm (D:2)
  3 orcs (D:3)
  6 bats
  3 giant cockroaches
  4 goblins (D:2)
  10 hobgoblins
  4 jackals (D:2)
  18 kobolds
  A giant newt (D:2)
  3 quokkas
  5 rats
65 creatures vanquished.

Notes
Turn   | Place    | Note
--------------------------------------------------------------
     0 | D:1      | Kae, the Draconian Transmuter, began the quest for the Orb.
     0 | D:1      | Reached XP level 1. HP: 16/16 MP: 3/3
   404 | D:1      | Reached XP level 2. HP: 20/23 MP: 4/4
   884 | D:2      | Reached skill level 4 in Unarmed Combat
   884 | D:2      | Reached XP level 3. HP: 9/28 MP: 6/6
  1792 | D:2      | Found a glowing golden altar of the Shining One.
  1857 | D:2      | Reached XP level 4. HP: 35/35 MP: 7/7
  2264 | D:3      | Reached skill level 5 in Unarmed Combat
  2394 | D:3      | Noticed a big kobold
  2415 | D:3      | Killed a big kobold
  2415 | D:3      | Reached XP level 5. HP: 9/40 MP: 9/9
  2757 | D:3      | Learned a level 2 spell: Sticks to Snakes
  2761 | D:3      | Learned a level 3 spell: Spider Form
  3236 | D:3      | Noticed a big kobold
  3339 | D:3      | HP: 1/40 [kobold/club (3)]
  3339 | D:3      | Slain by an orc

Action                   |  1- 3 |  4- 6 || total
-------------------------+-------+-------++-------
Melee: Unarmed           |   157 |   206 ||   363
 Cast: Beastly Appendage |       |     4 ||     4
  Use: Potion            |       |     4 ||     4
       Scroll            |       |     1 ||     1
 Stab: Sleeping          |     1 |       ||     1
